 Dungeon Crawl Stone Soup version 0.25-a0-302-g9f758675c1 (webtiles) character file.

Game seed: 262168114621531546, levelgen mode: deterministic

371 mopl the Ruffian (level 6, 0/47 HPs)
             Began as a Minotaur Transmuter on Dec 20, 2019.
             Succumbed to an adder's poison
             ... in the Ecumenical Temple.
             The game lasted 00:05:27 (3240 turns).

mopl the Ruffian (Minotaur Transmuter)              Turns: 3240, Time: 00:05:27

Health: 0/47       AC:  2    Str: 15    XL:     6   Next: 42%
Magic:  3/10       EV: 12    Int: 12    God:
Gold:   196        SH:  0    Dex: 10    Spells: 5/11 levels left

rFire    . . .     SeeInvis .     - Unarmed
rCold    . . .     Gourm    .   (no shield)
rNeg     . . .     Faith    .   b - +0 robe
rPois    .         Spirit   .   (helmet restricted)
rElec    .         Reflect  .   (no cloak)
rCorr    .         Harm     .   (no gloves)
MR       .....                  (no boots)
Stlth    +.........             (no amulet)
HPRegen  0.15/turn              (no ring)
MPRegen  0.12/turn              (no ring)

@: lethally poisoned (0 -> -8), very slightly contaminated
A: retaliatory headbutt, horns 2
a: no special abilities


You were in the Ecumenical Temple.
You were not hungry.

You visited 2 branches of the dungeon, and saw 5 of its levels.

You collected 196 gold pieces.

Inventory:

Missiles
 a - 36 arrows
 c - 7 boomerangs
 f - 47 poisoned darts (quivered)
 g - 2 throwing nets
 i - 127 stones
Armour
 b - a +0 robe (worn)
Wands
 p - a wand of flame (24)
Scrolls
 e - 2 scrolls of fear {unknown}
 j - a scroll of fog {unknown}
 m - 2 scrolls of amnesia {unknown}
 n - 2 scrolls of teleportation {unknown}
 t - a scroll of random uselessness {unknown}
Potions
 k - a potion of magic
 o - a potion of heal wounds {unknown}
 q - 2 potions of mutation {!q}
 s - a potion of degeneration {unknown}
 u - 2 potions of flight {unknown}
 v - 2 potions of cancellation {unknown}
Comestibles
 d - 7 rations
 h - a chunk of flesh


   Skills:
 - Level 1.2 Fighting
 - Level 2.1 Dodging
 + Level 4.8 Unarmed Combat
 * Level 3.3 Spellcasting
 + Level 3.0 Transmutations
 - Level 1.0 Poison Magic


You had 5 spell levels left.
You knew the following spells:

 Your Spells              Type           Power        Failure   Level  Hunger
a - Beastly Appendage     Tmut           #.....       7%          1    #......
b - Spider Form           Tmut/Pois      #.........   30%         3    ###....
w - Sticks to Snakes      Tmut           #.......     11%         2    ##.....

Your spell library contained the following spells:

 Spells                   Type           Power        Failure   Level  Hunger
 Ice Form                 Ice/Tmut       #.......     77%         4    #####..
 Blade Hands              Tmut           #.........   88%         5    ######.


Dungeon Overview and Level Annotations

Branches:
Dungeon (4/15)             Temple (1/1) D:4

Altars:
Nemelex Xobeh
Uskayaw
Wu Jian
Zin


Innate Abilities, Weirdness & Mutations

You reflexively headbutt those who attack you in melee.
You have a pair of horns on your head.


Message History

You feel sick. As you open the door, it creaks loudly! The adder bites you.
The adder bites you.
You are more poisoned.
The adder poisons you!
There is an open door here.
You feel sick.
There is a staircase to the Ecumenical Temple here.
The adder bites you.
* * * LOW HITPOINT WARNING * * *
You are more poisoned.
The adder poisons you!
The orc priest calls down the wrath of Beogh upon you.
Beogh smites you!
* * * LOW HITPOINT WARNING * * *
The adder barely misses you. You furiously retaliate!
You headbutt the adder!
You kill the adder!
You climb downwards.
Welcome to the Ecumenical Temple!
You die...

..#.#. ##.
.#... .#..
..._ #.⌠.#
... #....
.#. ..
#...# ....#
.#...#
.._...#...#
#.@.#
#...#..._..
#...#.
#.... #...#
.. .#.
....# ...
#.⌠.# _...
..#. ...#.
.## .#.#..


There were no monsters in sight!

Vanquished Creatures
  A hound (D:4)
  3 orc priests (D:3)
  Jessica (D:2)
  An orc wizard (D:4)
  2 worker ants (D:4)
  5 adders
  2 oozes
  2 worms
  4 dart slugs
  3 leopard geckos
  13 orcs
  A ball python (D:2)
  7 giant cockroaches
  5 goblins
  4 hobgoblins
  2 jackals (D:2)
  2 quokkas
  6 bats
  6 frilled lizards
  3 kobolds (D:1)
  8 rats
81 creatures vanquished.

Notes
Turn   | Place    | Note
-------+----------+-------------------------------------------
     0 | D:1      | mopl the Minotaur Transmuter began the quest for the Orb.
     0 | D:1      | Reached XP level 1. HP: 16/16 MP: 1/1
   189 | D:1      | Reached XP level 2. HP: 4/23 MP: 1/3
   211 | D:1      | Learned a level 2 spell: Sticks to Snakes
   980 | D:2      | Reached skill level 2 in Spellcasting
  1035 | D:2      | Reached skill level 2 in Transmutations
  1035 | D:2      | Reached XP level 3. HP: 21/28 MP: 5/5
  1043 | D:2      | Learned a level 3 spell: Spider Form
  1106 | D:2      | Noticed Jessica
  1112 | D:2      | Killed Jessica
  1197 | D:2      | Reached XP level 4. HP: 24/35 MP: 6/6
  1564 | D:3      | Reached skill level 4 in Unarmed Combat
  1708 | D:3      | Reached XP level 5. HP: 16/40 MP: 3/7
  1712 | D:3      | Reached skill level 1 in Poison Magic
  2188 | D:3      | Reached skill level 3 in Spellcasting
  2623 | D:4      | Found a staircase to the Ecumenical Temple.
  2651 | D:4      | Reached XP level 6. HP: 23/47 MP: 7/9
  3200 | D:4      | Reached skill level 3 in Transmutations
  3239 | D:4      | HP: 1/47 [orc priest/divine providence (11)]
  3240 | Temple   | Entered the Ecumenical Temple
  3240 | Temple   | Succumbed to an adder's poison

Levels and vault maps discovered:
D:1:      dpeg_arrival_fog, layout_loops_ring
D:2:      layout_loops_ring, uniq_jessica
D:3:      layout_loops_cross
D:4:      layout_loops_ring, temple_doors_e, serial_shops, shop
Temple:   eino_temple_rhombus

Skill      XL: |  1  2  3  4  5  6 |
---------------+-------------------+-----
Spellcasting   | 2 3 |  3.3
Transmutations | 2 3 |  3.0
Unarmed Combat | 4 |  4.8
Poison Magic   | 1 |  1.0
Fighting       | |  1.2
Dodging        | |  2.1

Action                   |  1- 3 |  4- 6 || total
-------------------------+-------+-------++-------
Melee: Unarmed           |    59 |   153 ||   212
       Headbutt          |     5 |    13 ||    18
       Kick              |     1 |    14 ||    15
       Punch             |       |     1 ||     1
 Cast: Beastly Appendage |    10 |    11 ||    21
       Spider Form       |       |     7 ||     7
  Use: Scroll            |       |     3 ||     3
       Potion            |       |     1 ||     1
 Stab: Sleeping          |     1 |       ||     1
  Eat: Chunk             |     2 |     8 ||    10
Armor: Robe              |     9 |    19 ||    28
       Skin              |       |     2 ||     2
Dodge: Dodged            |    37 |    97 ||   134

Table legend:
 A = Non-vault XP
 B = Vault XP
 C = Vault XP percentage of total XP
 D = Non-vault monster count
 E = Vault monster count
 F = Vault count percentage of total count
                 A         B        C        D         E       F
            +---------+---------+-------+---------+---------+-------
      Total |     493 |      37 |   7.0 |      80 |       1 |   1.2
            +---------+---------+-------+---------+---------+-------
        D:1 |      27 |       0 |   0.0 |      12 |       0 |   0.0
        D:2 |      57 |      37 |  39.4 |      24 |       1 |   4.0
        D:3 |     212 |       0 |   0.0 |      34 |       0 |   0.0
        D:4 |     197 |       0 |   0.0 |      10 |       0 |   0.0
            +---------+---------+-------+---------+---------+-------
